 Dungeon Crawl Stone Soup version 0.26-a0-651-gb41185065b (webtiles) character file.

Game seed: 4905122411997425241

28692 Flugslaktarn the Cleaver (level 13, -5/127 HPs)
             Began as a Deep Dwarf Fighter on Oct 9, 2020.
             Was a High Priest of Makhleb.
             Killed by divine providence
             ... invoked by a meliai
              (10 damage)
             ... on level 14 of the Dungeon.
             The game lasted 00:06:56 (8087 turns).

Flugslaktarn the Cleaver (Deep Dwarf Fighter)       Turns: 8087, Time: 00:06:57

Health: -5/127     AC: 24    Str: 21    XL:     13   Next: 11%
Magic:  8/8        EV: 12    Int: 10    God:    Makhleb [*****.]
Gold:   91         SH: 10    Dex: 15    Spells: 12/12 levels left

rFire    . . .     SeeInvis .   L - +4 broad axe (venom)
rCold    . . .     Faith    +   c - +0 kite shield
rNeg     . . .     Spirit   .   p - +0 plate armour
rPois    .         Reflect  .   E - +2 helmet
rElec    .         Harm     .   n - +0 cloak
rCorr    .         Rampage  .   K - +2 pair of gloves
MR       ++...                  g - +1 pair of boots
Stlth    ..........             i - amulet of faith
HPRegen  0.00/turn              m - ring of protection from magic
MPRegen  0.11/turn              v - +4 ring of evasion

@: non-regenerating, heavily drained
A: damage resistance, heal wounds, sense surroundings 2, no regeneration
a: Heal Wounds, Minor Destruction, Lesser Servant of Makhleb, Major Destruction,
Greater Servant of Makhleb, Renounce Religion


You were on level 14 of the Dungeon.
You worshipped Makhleb.
Makhleb was extremely pleased with you.
You visited 2 branches of the dungeon, and saw 15 of its levels.

You collected 776 gold pieces.
You spent 685 gold pieces at shops.

Inventory:

Hand Weapons
 a - a +2 war axe of freezing
 L - a +4 broad axe of venom (weapon)
   (You took it off a vault guard on level 13 of the Dungeon)
Missiles
 b - a throwing net (quivered)
Armour
 c - a +0 kite shield (worn)
 g - a +1 pair of boots (worn)
   (You found it on level 6 of the Dungeon)
 n - a +0 cloak (worn)
   (You found it on level 6 of the Dungeon)
 p - a +0 plate armour (worn)
   (You found it on level 7 of the Dungeon)
 E - a +2 helmet (worn)
   (You took it off Robin on level 4 of the Dungeon)
 K - a +2 pair of gloves (worn)
   (You bought it in a shop on level 13 of the Dungeon)
Jewellery
 i - an amulet of faith (around neck)
   (You found it on level 4 of the Dungeon)
 k - an uncursed ring of resist corrosion
   (You found it on level 11 of the Dungeon)
 m - a ring of protection from magic (left hand)
   (You found it on level 5 of the Dungeon)
 v - a +4 ring of evasion (right hand)
   (You found it on level 8 of the Dungeon)
Wands
 o - a wand of paralysis (14)
   (You found it on level 8 of the Dungeon)
 y - a wand of iceblast (4)
   (You took it off Maurice on level 13 of the Dungeon)
 B - a wand of acid (8)
   (You bought it in a shop on level 10 of the Dungeon)
Scrolls
 l - 2 scrolls of magic mapping
 r - a scroll of identify
 t - 6 scrolls of teleportation
 x - 7 scrolls of remove curse
 z - 2 scrolls of blinking
Potions
 d - 3 potions of might
 e - 2 potions of magic
 f - a potion of ambrosia
 h - 3 potions of haste
 q - a potion of curing
 s - 2 potions of mutation
 w - 4 potions of heal wounds
 I - a potion of lignification
Miscellaneous
 F - a condenser vane (1/2)
   (You bought it in a shop on level 10 of the Dungeon)


   Skills:
 * Level 11.0(9.6) Fighting
 * Level 12.7(11.2) Axes
 + Level 9.7(8.3) Armour
 + Level 8.0(6.7) Dodging
 + Level 6.3(5.0) Shields
 + Level 9.5(8.1) Invocations
 + Level 7.4(6.1) Evocations


You had 12 spell levels left.
You didn't know any spells.
Your spell library was empty.

Dungeon Overview and Level Annotations

Branches:
Dungeon (14/15)            Temple (1/1) D:5            Lair (0/6) D:11
    Orc (0/2) D:12         Vaults (0/5) D:13

Altars:
Ashenzari
Cheibriados
Dithmenos
Elyvilon
Fedhas
Gozag
Hepliaklqana
Kikubaaqudgha
Makhleb
Nemelex Xobeh
Okawaru
Qazlal
Ru
Sif Muna
Trog
Uskayaw
Vehumet
Wu Jian
Xom
Yredelemnul
Zin
The Shining One

Shops:
D:5 *   D:7 =   D:9 *   D:10 (*(}(   D:11 (   D:13 [

Portals:
Trove: D:12 (give 6 scrolls of fog)

Annotations:
D:4 2 runed translucent doors, PanSaczeczos's ghost, novice DrCj
D:8 exclusion: zombie


Innate Abilities, Weirdness & Mutations

You are resistant to damage.
You can heal yourself by infusing magical energy.
You passively map the area around you.
You do not regenerate.


Message History

The meliai is engulfed in blazing flames.
The meliai calls upon its god to heal the meliai.
The meliai's wounds heal themselves!
The meliai is engulfed in blazing flames. x2
The meliai calls upon its god to heal the meliai.
The meliai's wounds heal themselves!
The meliai is engulfed in blazing flames.
The meliai calls upon its god to heal the meliai.
The meliai's wounds heal themselves!
The meliai is engulfed in blazing flames. x4
The meliai calls down the wrath of its god upon you.
Something smites you!
* * * LOW HITPOINT WARNING * * *
The meliai is engulfed in blazing flames. x2
The meliai calls upon its god to heal the meliai.
The meliai is healed somewhat.
The meliai is engulfed in blazing flames. x2
The meliai calls down the wrath of its god upon you.
Something smites you!
You die...

* , * , * * #######
,* ###.....## * , *
#......†.## *,,
#.........## *
,*##..####....#######
#.@†# ##......)<.. *
#§y## #......)).. ,*
#§§# #.......).. , *
#yy# #..........# ,
,* #§§#
*#..####....## * , ,
§§§#*#..# ##...# *
*,,, .§§§§ ..#*
#...#* , *,* * ..§§§.
.. [.... * .......,,
* * ...#...


You could see 3 meliai.

Vanquished Creatures
  A ghoul (D:13)
  Snorg (D:13)
  4 vault guards (D:13)
  2 centaur warriors
  3 two-headed ogres
  An unseen horror (D:11)
  A manticore (D:13)
  8 ugly things
  Maurice (D:13)
  A cyclops (D:13)
  A gargoyle (D:11)
  3 centaur skeletons
  A tengu conjurer (D:13)
  4 trolls
  A hornet (D:8)
  2 hippogriffs
  12 slime creatures
  2 shadows
  Sigmund (D:4)
  2 wyverns (D:11)
  Eustachio (D:4)
  25 yaks
  2 vampire mosquitoes (D:12)
  A water moccasin (D:11)
  A soldier ant (D:13)
  A floating eye (shapeshifter) (D:14)
  9 sky beasts
  3 ice beasts
  3 orc warriors
  4 phantoms
  A hornet zombie (D:13)
  8 centaurs
  4 ogres
  2 necrophages (D:10)
  2 wyvern zombies
  An elf zombie (D:8)
  10 bullfrogs
  2 big kobolds
  Blork the orc (D:4)
  2 scorpions
  3 killer bees (D:10)
  7 wights
  A centaur zombie (D:12)
  3 quasits
  2 bullfrog zombies
  6 hounds
  4 orc priests
  7 orc wizards
  2 bullfrog skeletons
  2 iguanas
  10 worker ants
  Natasha (D:2)
  2 killer bee zombies
  A hound zombie (D:6)
  4 hound skeletons
  3 mummies (D:13)
  A worker ant zombie (D:5)
  Robin (D:4)
  2 howler monkey zombies
  6 adders
  2 shadow imps
  3 white imps
  2 ufetubi
  An ooze (D:4)
  An adder skeleton (D:5)
  2 worms
  4 dart slugs
  2 leopard geckos
  33 orcs
  6 giant cockroaches
  12 goblins
  7 hobgoblins
  6 jackals
  7 kobolds
  2 quokkas
  2 frilled lizards
  2 rats (D:3)
297 creatures vanquished.

Vanquished Creatures (collateral kills)
  A hornet (D:13)
1 creature vanquished.

Vanquished Creatures (others)
  A withered plant (D:13)
1 creature vanquished.

Grand Total: 299 creatures vanquished

Notes
Turn   | Place    | Note
-------+----------+-------------------------------------------
     0 | D:1      | Flugslaktarn the Deep Dwarf Fighter began the quest for the
                  | Orb.
     0 | D:1      | Reached XP level 1. HP: 20/20 MP: 1/1
    43 | D:2      | Noticed Natasha
    48 | D:2      | Noticed a crimson imp
    52 | D:2      | HP: 1/20 [Natasha (6)]
    56 | D:2      | Noticed a crimson imp
    59 | D:2      | Killed Natasha
    59 | D:2      | Reached XP level 2. HP: 12/28 MP: 1/1
    59 | D:2      | Reached XP level 3. HP: 15/34 MP: 2/2
    88 | D:2      | Found a faded altar of an unknown god.
   199 | D:2      | Reached skill level 3 in Axes
   638 | D:3      | Reached XP level 4. HP: 31/42 MP: 3/3
   671 | D:4      | Found a runed translucent door.
   681 | D:4      | Noticed PanSaczeczos's ghost (novice DrCj)
   702 | D:4      | Noticed Sigmund
   754 | D:4      | Killed Sigmund
   754 | D:4      | Reached skill level 4 in Axes
   754 | D:4      | Reached XP level 5. HP: 9/50 MP: 2/2
   769 | D:4      | Noticed Eustachio
   777 | D:4      | Reached XP level 6. HP: 27/57 MP: 3/3
   813 | D:4      | Killed Eustachio
   828 | D:4      | Reached skill level 5 in Axes
   857 | D:4      | Noticed Robin
   858 | D:4      | Noticed Blork the orc
   873 | D:4      | Killed Robin
   877 | D:4      | Killed Blork the orc
   877 | D:4      | Reached XP level 7. HP: 47/66 MP: 2/2
  1048 | D:4      | Reached skill level 5 in Fighting
  1100 | D:4      | Found a runed translucent door.
  1296 | D:5      | Entered Level 5 of the Dungeon
  1357 | D:5      | Found an iron altar of Okawaru.
  1416 | D:5      | Reached skill level 5 in Armour
  1475 | D:5      | Reached skill level 6 in Axes
  1475 | D:5      | Reached skill level 5 in Shields
  1533 | D:5      | Found Okkeren's Assorted Antiques.
  1538 | D:5      | Bought 2 scrolls labeled YBUSTRE HUOTH for 44 gold pieces
  1538 | D:5      | Bought a scroll labeled ONLI BOMEABYT for 22 gold pieces
  1538 | D:5      | Bought a scroll labeled ONLI BOMEABYT for 22 gold pieces
  1874 | D:5      | Found a staircase to the Ecumenical Temple.
  1980 | Temple   | Entered the Ecumenical Temple
  2157 | Temple   | Became a worshipper of Makhleb the Destroyer
  2213 | D:6      | Reached XP level 8. HP: 48/75 MP: 3/3
  2237 | D:6      | Reached skill level 1 in Dodging
  2237 | D:6      | Reached skill level 1 in Invocations
  2500 | D:6      | Reached skill level 7 in Axes
  2908 | D:6      | Reached * piety under Makhleb
  3171 | D:7      | Found Laebah's Jewellery Emporium.
  3582 | D:7      | Gained mutation: You passively map the area around you.
                  | [Deep Dwarf growth]
  3582 | D:7      | Reached XP level 9. HP: 65/85 MP: 4/4
  4114 | D:8      | Reached skill level 8 in Axes
  4202 | D:8      | Reached ** piety under Makhleb
  4311 | D:8      | Found a blossoming altar of Fedhas.
  4526 | D:9      | Reached skill level 5 in Invocations
  4716 | D:9      | Found Zosukad's General Store.
  4723 | D:9      | Reached skill level 9 in Axes
  4897 | D:10     | Entered Level 10 of the Dungeon
  4908 | D:10     | Reached XP level 10. HP: 53/96 MP: 5/7
  4930 | D:10     | Found Limi's Antique Weapon Boutique.
  4993 | D:10     | Found Inajush's Gadget Emporium.
  4996 | D:10     | Bought a condenser vane (2/2) for 260 gold pieces
  5251 | D:10     | Found Ynepp's Assorted Antiques.
  5259 | D:10     | Bought a fluorescent wand for 112 gold pieces
  5270 | D:10     | Reached skill level 1 in Evocations
  5282 | D:10     | Found Bedgh's Antique Weapon Emporium.
  5306 | D:10     | Reached *** piety under Makhleb
  5306 | D:10     | Reached skill level 5 in Dodging
  5431 | D:10     | Found Osask's Antique Weapon Boutique.
  5775 | D:11     | Reached skill level 10 in Axes
  5862 | D:11     | Noticed a gargoyle
  5870 | D:11     | Killed a gargoyle
  5952 | D:11     | Noticed a two-headed ogre
  5963 | D:11     | Killed a two-headed ogre
  5963 | D:11     | Reached XP level 11. HP: 86/104 MP: 9/9
  6217 | D:11     | Killed an unseen horror
  6295 | D:11     | Found a staircase to the Lair.
  6392 | D:11     | Found Hiohiap's Weapon Emporium.
  6558 | D:12     | Found a staircase to the Orcish Mines.
  6564 | D:12     | Noticed a centaur warrior
  6587 | D:12     | Reached **** piety under Makhleb
  6631 | D:12     | Killed a centaur warrior
  6632 | D:12     | Reached skill level 11 in Axes
  6740 | D:12     | Noticed a cyan ugly thing
  6758 | D:12     | Killed a cyan ugly thing
  6817 | D:12     | Found a portal to a secret trove of treasure.
  6858 | D:12     | Reached skill level 5 in Evocations
  6979 | D:13     | Noticed a two-headed ogre
  6992 | D:13     | Killed a two-headed ogre
  7050 | D:13     | Reached ***** piety under Makhleb
  7067 | D:13     | Noticed a brown ugly thing
  7077 | D:13     | Killed a brown ugly thing
  7077 | D:13     | Reached skill level 10 in Fighting
  7088 | D:13     | HP: 3/108 [enormous slime creature (74)]
  7103 | D:13     | Reached XP level 12. HP: 93/116 MP: 10/10
  7182 | D:13     | Found an ornate altar of the Wu Jian Council.
  7190 | D:13     | Noticed Maurice
  7215 | D:13     | Killed Maurice
  7253 | D:13     | Found Teiv Ucu's Antique Armour Shop.
  7298 | D:13     | Bought a pair of embroidered gloves for 225 gold pieces
  7433 | D:13     | Noticed a ghoul
  7459 | D:13     | Killed a ghoul
  7459 | D:13     | Reached skill level 12 in Axes
  7598 | D:13     | Noticed a centaur warrior
  7611 | D:13     | Killed a centaur warrior
  7623 | D:13     | Found a gate to the Vaults.
  7623 | D:13     | Noticed a vault guard
  7623 | D:13     | Noticed a vault guard
  7623 | D:13     | Noticed a vault guard
  7623 | D:13     | Noticed a two-headed ogre
  7624 | D:13     | Noticed a vault guard
  7629 | D:13     | Killed a two-headed ogre
  7637 | D:13     | Killed a vault guard
  7650 | D:13     | Killed a vault guard
  7667 | D:13     | Killed a vault guard
  7687 | D:13     | Killed a vault guard
  7729 | D:13     | Noticed Snorg
  7730 | D:13     | Paralysed by a hornet for 2 turns
  7752 | D:13     | Killed Snorg
  7752 | D:13     | Reached XP level 13. HP: 64/126 MP: 10/10
  8086 | D:14     | HP: 5/127 [meliai/divine providence (14)]
  8087 | D:14     | Killed from afar by a meliai

Illustrated notes

Levels and vault maps discovered:
D:1:      scummos_arrival_checkerplants, layout_basic
D:2:      layout_loops_cross, chequers_ecumenical_altar_simple,
          doesnt_xom_only_xom, uniq_natasha
D:3:      layout_loops_corners, uniq_crazy_yiuf_cottage
D:4:      layout_cave_pools, ebering_ghost_sewer_f, uniq_robin, uniq_sigmund,
          uniq_eustachio, uniq_blork_the_orc
D:5:      layout_loops_cross, temple_hall, serial_shops, shop,
          okawaru_altar_gauntlet_db
D:6:      layout_loops_corners
D:7:      layout_basic, serial_shops, shop
D:8:      layout_basic, kennysheep_mini, lemuel_mausoleum_altar_yredelemnul
D:9:      layout_rooms, serial_shops, shop
D:10:     layout_irregular_city, serial_column_ruins, column_ruins_square_huge,
          column_ruins_columns_corner, column_ruins_columns_straight,
          column_ruins_open_large, serial_shops, nicolae_shop_behind_doors,
          nicolae_shop_crystal, nicolae_shop_trees, shop_fountains, shop,
          hangedman_decor_peaks_small
D:11:     layout_stronghold, lair_entry_dummy, serial_shops, shop
D:12:     layout_rooms, orc_0_dummy, enter_trove_3
D:13:     layout_loops_cross, lightli_vaults_fourway_checkpoint, basic_altar,
          serial_undead, serial_undead_f, serial_undead_c, serial_undead_c,
          serial_undead_c, serial_shops, nicolae_shop_statue_plus, uniq_snorg,
          uniq_maurice
D:14:     layout_layer_cave, chequers_serial_rivers_small_a, uniq_kirke
Temple:   roderic_octagonal_lattice_temple

Skill      XL: |  1  2  3  4  5  6  7  8  9 10 11 12 13 |
---------------+----------------------------------------+-----
Fighting       | 3 4 5 6 7 8 10 11 | 11.0
Axes           | 3 4 5 6 7 9 10 11 12 | 12.7
Armour         | 4 5 6 7 8 9 |  9.7
Shields        | 4 5 6 |  6.3
Dodging        | 2 4 5 6 7 8 |  8.0
Invocations    | 3 5 6 8 9 |  9.5
Evocations     | 3 5 7 |  7.4

Action                   |  1- 3 |  4- 6 |  7- 9 | 10-12 | 13-15 || total
-------------------------+-------+-------+-------+-------+-------++-------
Melee: War axe           |    71 |    90 |   356 |   665 |    20 ||  1202
       Broad axe         |       |       |       |       |    45 ||    45
Invok: Lesser Servant of |       |       |       |     3 |       ||     3
 Abil: Heal Wounds       |     2 |     7 |     9 |    16 |     3 ||    37
Evoke: Condenser vane    |       |       |       |     1 |     1 ||     2
       Wand              |       |       |       |       |     1 ||     1
  Use: Potion            |       |     2 |       |       |       ||     2
       Scroll            |       |       |    17 |       |    10 ||    27
Armor: Scale mail        |    36 |    73 |    10 |       |       ||   119
       Chain mail        |       |       |   114 |       |       ||   114
       Plate armour      |       |       |    82 |   459 |    27 ||   568
Dodge: Dodged            |    16 |    43 |    79 |   336 |    30 ||   504
Block: Kite shield       |    55 |    67 |   194 |   376 |    24 ||   716

Table legend: (Time is in decaauts)
 A = Elapsed time spent in this place.
 B = Non-inter-level travel time spent in this place.
 C = Inter-level travel time spent in this place.
 D = Time resting spent in this place.
 E = Time spent auto-exploring this place.
 F = Levels seen in this place.
 G = Mean time per level.
                   A        B        C        D        E       F      G
               +--------+--------+--------+--------+--------+-----+--------+
         Total |   8274 |   7791 |    483 |     47 |   5400 |  15 |  551.6 |
       Dungeon |   8072 |   7627 |    445 |     47 |   5239 |  14 |  576.6 |
        Temple |    201 |    163 |     38 |      0 |    161 |   1 |  201.0 |
               +--------+--------+--------+--------+--------+-----+--------+

Top non-repeatable levels by time:
     D:6: 994 daAuts
    D:13: 989 daAuts
    D:11: 940 daAuts
     D:7: 766 daAuts
    D:10: 736 daAuts
     D:4: 684 daAuts
     D:5: 679 daAuts
     D:8: 594 daAuts
     D:3: 436 daAuts
    D:12: 419 daAuts
     D:9: 391 daAuts
     D:2: 265 daAuts
  Temple: 201 daAuts
    D:14: 134 daAuts
     D:1: 40 daAuts
